 Dungeon Crawl Stone Soup version 0.29.1-2-gbd0b4ee654 (webtiles) character file.

Game seed: 2583477493899792701

74 Explode1 the Firebug (level 4, -3/24 HPs)
             Began as a Gargoyle Fire Elementalist on Nov 2, 2022.
             Constricted to death by Sigmund (7 damage)
             ... on level 3 of the Dungeon.
             The game lasted 00:08:22 (2155 turns).

Explode1 the Firebug (Gargoyle Fire Elementalist)   Turns: 2155, Time: 00:08:22

Health: -3/24      AC:  5    Str: 11    XL:     4   Next: 30%
Magic:  5/7        EV:  9    Int: 18    God:
Gold:   137        SH:  0    Dex: 10    Spells: 6/7 levels left

rFire   . . .      SeeInvis .   d - +4 dagger (holy)
rCold   . . .      Faith    .   (no shield)
rNeg    + . .      Spirit   .   a - +0 robe
rPois   ∞          Reflect  .   (no helmet)
rElec   +          Harm     .   (no cloak)
rCorr   .          Rampage  .   (no gloves)
Will    .....                   (no boots)
Stlth   ++........              (no amulet)
HPRegen 0.08/turn               (no ring)
MPRegen 0.10/turn               (no ring)

@: grasped by roots, constricted
A: sickness immunity, AC +3, negative energy resistance 1, electricity
resistance, torment resistance 1, petrification resistance
a: no special abilities


You were on level 3 of the Dungeon.
You visited 1 branch of the dungeon, and saw 3 of its levels.

You collected 137 gold pieces.

Inventory:

Hand Weapons
 d - a +4 dagger of holy wrath (weapon)
Armour
 a - a +0 robe (worn)
 c - a +0 robe
Wands
 n - a wand of roots (9)
Scrolls
 e - a scroll of teleportation {unknown}
 f - 2 scrolls of poison {unknown}
 h - a scroll of noise {unknown}
 l - a scroll of fear {unknown}
 m - a scroll of magic mapping {unknown}
Potions
 b - a potion of magic
 g - a potion of curing {unknown}
 i - a potion of ambrosia {unknown}
 j - 2 potions of brilliance {unknown}
 k - a potion of invisibility {unknown}


   Skills:
 - Level 1.6 Dodging
 - Level 2.3 Stealth
 - Level 2.1 Spellcasting
 * Level 3.0 Conjurations
 * Level 4.0 Fire Magic


You had 6 spell levels left.
You knew the following spells:

 Your Spells              Type           Power      Damage    Failure   Level
a - Foxfire               Conj/Fire      56%        2x1d6     4%          1

Your spell library contained the following spells:

 Spells                   Type           Power      Damage    Failure   Level
 Scorch                   Fire           32%        2d7       5%          2
 Conjure Flame            Conj/Fire      14%        6-21      13%         3
 Inner Flame              Hex/Fire       9%         N/A       24%         3
 Flame Wave               Conj/Fire      14%        2d6       38%         4
 Ozocubu's Armour         Ice            1%         N/A       47%         3
 Metabolic Englaciation   Hex/Ice        0%         N/A       99%         5
 Simulacrum               Ice/Necr       0%         N/A       100%        6


Dungeon Overview and Level Annotations

Branches:
Dungeon (3/15)

Altars:

Shops:
D:2 (

Annotations:
D:3 Sigmund


Innate Abilities, Weirdness & Mutations

You are immune to sickness and miasma.
Your stone body is resilient. (AC +3)
You are immune to poison.
You resist negative energy. (rN+)
You are resistant to electric shocks. (rElec)
You are resistant to unholy torment.
You are immune to petrification.


Message History

Your foxfire dissipates!
A ball python comes into view.
You conjure some foxfire!
A ball python is nearby!
The foxfire hits the ball python.
You kill the ball python!
Your foxfire dissipates!
Found a stone staircase leading down.
You now have 137 gold pieces (gained 11).
n - a wand of roots (9)
You open the door.
A frilled lizard comes into view.
You conjure some foxfire!
The foxfire hits the frilled lizard.
The frilled lizard is heavily wounded.
The frilled lizard hisses angrily.
The foxfire hits the frilled lizard.
You kill the frilled lizard!
Your Conjurations skill increases to level 3!
You open the door.
There is an open door here.
Sigmund the Dreaded comes into view.
He is wielding a +0 scythe and carrying a wand of roots (11).
Sigmund shouts!
Sigmund zaps a wand.
The roots erupt in riotous growth!
The grasping roots grab you! The grasping roots constrict you.
You are too injured to fight recklessly!
Casting: Foxfire (safe; 4% risk of failure)
Confirm with . or Enter, or press ? or * to list all spells.
You conjure some foxfire!
The grasping roots constrict you.
Casting: Foxfire (safe; 4% risk of failure)
Confirm with . or Enter, or press ? or * to list all spells.
You conjure some foxfire!
The foxfire hits Sigmund.
Sigmund is lightly wounded.
The foxfire hits Sigmund.
Sigmund is lightly wounded.
Sigmund hits you from afar with a +0 scythe!
* * * LOW HITPOINT WARNING * * *
The grasping roots constrict you!
You die...

#.# #.# #.# #.# #.# ..#
##'## # #.# ##...## ###
.# #.# ##.....## .. ..
#.####.......## @#.#.#
....#.........###.....#
......>.......'v@§....#
..............###v......
.....#.......## .#.?...
.....##.....## .# ###.
.....###...## .# .†..##
##+## .. .#### ## .#


You could see Sigmund (ally target).

Vanquished Creatures
  2 adders (D:2)
  A dart slug (D:2)
  A worm (D:2)
  3 bats (D:1)
  4 endoplasms (D:2)
  3 giant cockroaches
  5 goblins
  2 hobgoblins
  4 jackals (D:1)
  6 quokkas
  7 ball pythons
  5 frilled lizards
  2 kobolds
  4 rats
49 creatures vanquished.

Vanquished Creatures (others)
  112 foxfires
  A plant (D:2)
113 creatures vanquished.

Grand Total: 162 creatures vanquished

Notes
Turn   | Place    | Note
-------+----------+-------------------------------------------
     0 | D:1      | Explode1 the Gargoyle Fire Elementalist began the quest for
                  | the Orb.
     0 | D:1      | Reached XP level 1. HP: 10/10 MP: 3/3
   128 | D:1      | Reached XP level 2. HP: 15/15 MP: 1/5
   489 | D:1      | Reached XP level 3. HP: 19/19 MP: 3/6
  1497 | D:2      | Reached XP level 4. HP: 24/24 MP: 4/7
  1704 | D:2      | Found Nuettyr's Weapon Shop.
  1847 | D:2      | Reached skill level 4 in Fire Magic
  1864 | D:2      | Found a faded altar of an unknown god.
  2153 | D:3      | Noticed Sigmund
  2155 | D:3      | Constricted to death by Sigmund

Illustrated notes

Levels and vault maps discovered:
D:1:      lightli_arrival_windingriver, layout_rooms, chequers_avenue
D:2:      layout_rooms, serial_shops, nicolae_shop_bloodbath_and_beyond,
          serial_curves, eino_curves_04, eino_curves_04,
          chequers_ecumenical_altar_lobes, ebering_dispersal_statue_hall
D:3:      layout_loops_corners, serial_shops, nicolae_lakefront_shop,
          bh_walls_and_bars, uniq_sigmund

Skill      XL: |  1  2  3  4 |
---------------+-------------+-----
Conjurations   | 2 3 |  3.0
Fire Magic     | 4 |  4.0
Dodging        | |  1.6
Stealth        | |  2.3
Spellcasting   | |  2.1

Action                   |  1- 3 |  4- 6 || total
-------------------------+-------+-------++-------
Melee: Unarmed           |     5 |       ||     5
       Dagger            |    27 |     1 ||    28
 Cast: Foxfire           |    54 |    22 ||    76
Armor: Robe              |    12 |       ||    12
Dodge: Dodged            |    30 |     1 ||    31
